 Dungeon Crawl Stone Soup version 0.27-a0-1232-gc6a4cbde82 (console) character file.

Game seed: 1099232381168570941

1567 jejorda2 the Carver (level 8, -4/64 HPs)
             Began as a Merfolk Berserker on June 8, 2021.
             Was a Priest of Trog.
             Slain by a very large slime creature (22 damage)
             ... on level 5 of the Dungeon.
             The game lasted 00:11:13 (7325 turns).

jejorda2 the Carver (Merfolk Berserker)             Turns: 7325, Time: 00:11:13

Health: -4/64      AC: 12    Str: 26    XL:     8   Next: 90%
Magic:  8/8        EV: 12    Int:  6    God:    Trog [***...]
Gold:   379        SH:  0    Dex: 13    Spells: 7/7 levels left

rFire    . . .     SeeInvis .   a - +1 falchion
rCold    . . .     Faith    .   (no shield)
rNeg     + . .     Spirit   .   s - +3 ring mail {rPois}
rPois    +         Reflect  .   (no helmet)
rElec    .         Harm     .   (no cloak)
rCorr    .         Rampage  .   j - +2 pair of gloves
Will     ++...                  (no boots)
Stlth    +.........             (no amulet)
HPRegen  1.20/turn              e - ring of positive energy
MPRegen  0.11/turn              n - +6 ring of strength

@: strong-willed, on berserk cooldown, regenerating, slowed, very slow
A: (nimble swimmer 2), mertail
a: Renounce Religion, Berserk, Trog's Hand


You were on level 5 of the Dungeon.
You worshipped Trog.
Trog was most pleased with you.
You visited 1 branch of the dungeon, and saw 5 of its levels.
You also visited: Sewer.

You collected 418 gold pieces.
You spent 39 gold pieces at shops.

Inventory:

Hand Weapons
 a - a +1 falchion (weapon)
 r - a +1 vorpal dire flail
Missiles
 p - 22 poisoned darts
Armour
 j - a +2 pair of gloves (worn)
 s - a +3 ring mail of poison resistance (worn)
Jewellery
 b - a ring of see invisible
 e - a ring of positive energy (left hand)
 n - a +6 ring of strength (right hand)
Wands
 h - a wand of iceblast (9)
 i - a wand of polymorph (2)
 o - a wand of flame (51)
Scrolls
 c - 4 scrolls of teleportation
Potions
 f - a potion of lignification
 g - 2 potions of curing
 k - 2 potions of heal wounds {unknown}
 l - a potion of attraction
 m - 3 potions of flight
 q - a potion of invisibility
 t - a potion of ambrosia


   Skills:
 - Level 6.0 Fighting
 * Level 9.4 Long Blades
 + Level 4.5 Armour
 - Level 2.6 Dodging


You had 7 spell levels left.
You didn't know any spells.
Your spell library was empty.

Dungeon Overview and Level Annotations

Branches:
Dungeon (5/15)             Temple (0/1) D:4           Sewer (visited)

Altars:
Cheibriados
Qazlal
Sif Muna
Trog
Zin
The Shining One

Shops:
D:2 !   D:3 *!?:*


Innate Abilities, Weirdness & Mutations

((You are quick and stealthy near water. (Stealth+, EV+, Speed+++)))
Your lower body shifts to a powerful aquatic tail in water.


Message History

The very large slime creature is moderately wounded.
The very large slime creature hits you!!
You hit the very large slime creature.
The very large slime creature is moderately wounded.
You slash the very large slime creature!
The very large slime creature is moderately wounded.
The very large slime creature hits you!
You slash the very large slime creature!
The very large slime creature is heavily wounded.
You slash the very large slime creature!
The very large slime creature is heavily wounded.
The very large slime creature hits you but does no damage.
You slash the very large slime creature!
The very large slime creature is heavily wounded.
You slash the very large slime creature!
The very large slime creature is severely wounded.
The very large slime creature barely misses you.
You hit the very large slime creature.
The very large slime creature is severely wounded.
You hit the very large slime creature but do no damage.
The very large slime creature is severely wounded.
The very large slime creature hits you!
You slash the very large slime creature!
The very large slime creature is severely wounded.
You hit the very large slime creature.
The very large slime creature is severely wounded.
The very large slime creature hits you!!!
* * * LOW HITPOINT WARNING * * *
You slash the very large slime creature!
The very large slime creature is severely wounded.
The very large slime creature barely misses you.
You slash the very large slime creature!
The very large slime creature is almost dead.
You are no longer berserk.
You are exhausted.
You feel yourself slow down.
You hit the very large slime creature.
The very large slime creature is almost dead.
The very large slime creature hits you!!
You die...

..# ### #######...# #)# ### ..#
####### ##### #.###..
..#######..÷..÷########## #......
.......##.P.J..'##....(.###..##..
#.#######......#J#.......##..####
#.# #.J.JJP#J#........'..# # #.#
#..J...#J#........'..# # ..#
#PPJPP.#J#'#......'.## ###
#..÷...#@#.#.....##.# #
#PPJ..J#.#.#....##### ######
#$.÷...##.####### .....# ###
########### ####.# ###
#.#>....... ## #.# #.#
#.######### .# #.#######.# #.# #
.# #.##...##.# #.# # <#
#.#)....#.# #.# #


You could see a very large slime creature, a jelly and 2 endoplasms.

Vanquished Creatures
  Sigmund (D:5)
  Edmund (D:5)
  A water moccasin (D:5)
  Duvessa (D:5)
  2 ogres (D:5)
  3 kobold brigands (D:5)
  Blork the orc (D:4)
  A scorpion (D:5)
  Dowan (D:5)
  3 bullfrog skeletons
  2 hounds
  3 centaur skeletons
  Ijyb (D:5)
  3 iguanas (D:5)
  A howler monkey zombie (D:5)
  6 adders
  A white imp (D:3)
  An adder skeleton (D:4)
  6 worms
  A dart slug (D:5)
  4 orcs
  13 endoplasms
  6 giant cockroaches
  7 goblins
  12 hobgoblins
  4 jackals (Sewer)
  11 kobolds
  2 quokkas
  8 ball pythons
  11 bats
  5 frilled lizards
  5 rats
128 creatures vanquished.

Vanquished Creatures (others)
  A fungus (D:5)
  2 plants (D:4)
  8 toadstools (D:5)
11 creatures vanquished.

Grand Total: 139 creatures vanquished

Notes
Turn   | Place    | Note
-------+----------+-------------------------------------------
     0 | D:1      | jejorda2 the Merfolk Berserker began the quest for the Orb.
     0 | D:1      | Reached XP level 1. HP: 18/18 MP: 1/1
   330 | D:1      | Reached XP level 2. HP: 19/24 MP: 2/2
   870 | D:1      | Reached XP level 3. HP: 28/29 MP: 3/3
   929 | D:1      | Reached skill level 4 in Long Blades
  1440 | D:2      | Reached ** piety under Trog
  1890 | D:2      | Found Dorumy's Distillery.
  1898 | D:2      | Bought a potion of curing for 39 gold pieces
  2085 | D:2      | Reached XP level 4. HP: 37/37 MP: 4/4
  2383 | D:3      | Found Kaylloa's Distillery.
  2493 | D:3      | Found a glowing drain.
  2498 | Sewer    | Entered a sewer
  3444 | D:3      | Found a glowing golden altar of the Shining One.
  3502 | D:3      | Found Uzaegog's General Store.
  3502 | D:3      | Found a snail-covered altar of Cheibriados.
  3554 | D:3      | Found Uddoah's Magic Scroll Shop.
  3632 | D:3      | Found a glowing silver altar of Zin.
  3682 | D:3      | Found Ihude's Assorted Antiques.
  3711 | D:3      | Found Ruadiuk's Book Shop.
  3974 | D:3      | Reached XP level 5. HP: 26/42 MP: 5/5
  4141 | D:3      | Reached *** piety under Trog
  4158 | D:3      | Reached skill level 5 in Long Blades
  4521 | D:4      | Noticed Blork the orc
  4545 | D:4      | Killed Blork the orc
  4546 | D:4      | Reached XP level 6. HP: 14/49 MP: 6/6
  4885 | D:4      | Found a staircase to the Ecumenical Temple.
  5057 | D:4      | Found a stormy altar of Qazlal.
  5318 | D:5      | Entered Level 5 of the Dungeon
  5318 | D:5      | Noticed Edmund
  5329 | D:5      | Killed Edmund
  5330 | D:5      | Reached skill level 6 in Long Blades
  5395 | D:5      | Reached XP level 7. HP: 53/55 MP: 7/7
  5398 | D:5      | Reached skill level 5 in Fighting
  5480 | D:5      | Found a shimmering blue altar of Sif Muna.
  5480 | D:5      | Noticed Dowan
  5507 | D:5      | Killed Dowan
  5640 | D:5      | Reached skill level 7 in Long Blades
  5935 | D:5      | Noticed Ijyb
  5961 | D:5      | Killed Ijyb
  6105 | D:5      | Noticed Sigmund
  6127 | D:5      | Killed Sigmund
  6128 | D:5      | Reached XP level 8. HP: 64/64 MP: 8/8
  6140 | D:5      | Reached skill level 8 in Long Blades
  6845 | D:5      | Noticed Duvessa
  6847 | D:5      | Found a bloodstained altar of Trog.
  6863 | D:5      | Killed Duvessa
  6931 | D:5      | Identified Sif Muna's Guide on Earthen Curses
  6979 | D:5      | Reached skill level 9 in Long Blades
  7299 | D:5      | Noticed a slime creature
  7299 | D:5      | Noticed a slime creature
  7299 | D:5      | Noticed a slime creature
  7325 | D:5      | Slain by a very large slime creature

Illustrated notes

Levels and vault maps discovered:
D:1:      minmay_arrival_doors, layout_basic
D:2:      layout_basic, serial_shops, nicolae_shop_waterfront, minmay_distorted
D:3:      minmay_bubble_buster, layout_basic, lemuel_round_altar, tso_altar,
          zin_treasury, serial_shops, shop, shop, shop, shop, shop,
          portal_sewer_entry_e
D:4:      layout_basic, nicolae_qazlal_eye_of_the_storm,
          minmay_temple_entry_crystal_x, serial_forest,
          infiniplex_forest_fountain, infiniplex_forest_clump_double,
          infiniplex_forest_corner_1, infiniplex_forest_diagonal,
          infiniplex_forest_lined_3, infiniplex_forest_lined_3_way,
          infiniplex_forest_lined_2, uniq_blork_the_orc
D:5:      cheibrodos_fertilizer, layout_loops_ring,
          nzn_overflow_gifts_of_might_and_magic, uniq_sigmund, uniq_edmund,
          uniq_ijyb

Skill      XL: |  1  2  3  4  5  6  7  8 |
---------------+-------------------------+-----
Long Blades    | 4 5 6 7 9 |  9.4
Armour         | 2 3 4 |  4.5
Fighting       | 4 5 6 |  6.0
Dodging        | |  2.6

Action                   |  1- 3 |  4- 6 |  7- 9 || total
-------------------------+-------+-------+-------++-------
Melee: Falchion          |    97 |   221 |   195 ||   513
       Tailslap          |       |     5 |       ||     5
Invok: Berserk           |     3 |     1 |     8 ||    12
       Trog's Hand       |       |     1 |     2 ||     3
  Use: Scroll            |       |    11 |     2 ||    13
 Stab: Sleeping          |     1 |       |       ||     1
Armor: Animal skin       |    13 |       |       ||    13
       Chain mail        |    28 |   114 |       ||   142
       Ring mail         |       |     1 |    61 ||    62
Dodge: Dodged            |    49 |   122 |    83 ||   254
       Rpst.: Falchion   |    22 |    46 |    15 ||    83

Table legend: (Time is in decaauts)
 A = Elapsed time spent in this place.
 B = Non-inter-level travel time spent in this place.
 C = Inter-level travel time spent in this place.
 D = Time resting spent in this place.
 E = Time spent auto-exploring this place.
 F = Levels seen in this place.
 G = Mean time per level.
                   A        B        C        D        E       F      G
               +--------+--------+--------+--------+--------+-----+--------+
         Total |   7321 |   6958 |    363 |   1023 |   4876 |   6 | 1220.2 |
       Dungeon |   6501 |   6138 |    363 |    851 |   4367 |   5 | 1300.2 |
         Sewer |    819 |    819 |      0 |    172 |    509 |   1 |  819.0 |
               +--------+--------+--------+--------+--------+-----+--------+

Top non-repeatable levels by time:
     D:5: 1819 daAuts
     D:1: 1409 daAuts
     D:3: 1261 daAuts
     D:2: 1010 daAuts
     D:4: 1001 daAuts
   Sewer: 819 daAuts
